 Dungeon Crawl Stone Soup version 0.26.0-45-g9c1d065592 (webtiles) character file.

Game seed: 6729964308579198661

114 jlumianski the Skirmisher (level 4, -6/40 HPs)
             Began as a Palentonga Fighter on Jan 29, 2021.
             Mangled by a goblin
             ... wielding a +2 dagger of electrocution
             ... led by Robin
              (19 damage)
             ... on level 2 of the Dungeon.
             The game lasted 00:05:03 (1647 turns).

jlumianski the Skirmisher (Palentonga Fighter)      Turns: 1647, Time: 00:05:04

Health: -6/40      AC:  6    Str: 20    XL:     4   Next: 67%
Magic:  4/4        EV:  5    Int:  8    God:
Gold:   72         SH:  9    Dex: 10    Spells: 3/3 levels left

rFire    . . .     SeeInvis +   a - +0 war axe
rCold    . . .     Faith    .   c - +0 kite shield
rNeg     . . .     Spirit   .   b - +0 scale mail
rPois    .         Reflect  .   (no helmet)
rElec    .         Harm     .   (no cloak)
rCorr    .         Rampage  .   (no gloves)
Will     .....                  (no barding)
Stlth    ..........             (no amulet)
HPRegen  0.13/turn              (no ring)
MPRegen  0.09/turn              (no ring)

@: no status effects
A: large, rugged brown scales 3, see invisible, deformed body, roll 1, armoured
tail
a: Rolling Charge


You were on level 2 of the Dungeon.
You visited 1 branch of the dungeon, and saw 2 of its levels.

You collected 72 gold pieces.

Inventory:

Hand Weapons
 a - a +0 war axe (weapon)
 f - a +0 antimagic spear
 l - a cursed -2 hunting sling
Missiles
 k - 46 stones (quivered)
 q - 15 bolts
Armour
 b - a +0 scale mail (worn)
 c - a +0 kite shield (worn)
Scrolls
 e - a scroll of noise {unknown}
 g - 2 scrolls of identify {unknown}
 i - a scroll of remove curse {unknown}
Potions
 d - a potion of might
 h - a potion of heal wounds {unknown}
 j - a potion of brilliance {unknown}
 m - a potion of haste {unknown}
 n - a potion of berserk rage {unknown}
 o - a potion of invisibility {unknown}
 p - a potion of mutation {unknown}


   Skills:
 + Level 3.4 Fighting
 + Level 3.2 Axes
 + Level 3.2 Armour
 + Level 0.2 Dodging
 + Level 2.9 Shields


You had 3 spell levels left.
You didn't know any spells.
Your spell library was empty.

Dungeon Overview and Level Annotations

Branches:
Dungeon (2/15)

Altars:


Innate Abilities, Weirdness & Mutations

You are completely covered in rugged brown scales. (AC +3, +7% HP)
You have supernaturally acute eyesight. (SInv)
Armour fits poorly on your strangely shaped body.
You can roll at nearby foes to attack.
You have a long armoured tail.


Message History

The goblin hits you.
You hit the goblin.
The goblin is severely wounded.
You block the goblin's attack.
You barely miss the goblin.
Your tail-slap misses the goblin.
You closely miss the goblin. The goblin barely misses you.
You block the goblin's attack.
You closely miss the goblin. x2; The goblin hits you.
You block the goblin's attack. The goblin hits you but does no damage.
Unknown command.
You hit the goblin but do no damage. You barely miss the goblin.
The goblin no longer looks unusually strong.
The goblin hits you but does no damage.
You are electrocuted!!
Ouch! That really hurt!
The goblin hits you but does no damage. You block the goblin's attack.
Your shield and scale mail prevent you from hitting the goblin.
Your tail-slap misses the goblin.
You slash the goblin!
You kill the goblin!
The goblin hits you but does no damage.
You are electrocuted!!
You die...

##..............#.
#...............#.
#.................
#>.##.............
#..##.............
#..###..........#.
#..# #............
#..###...[......#.
#@†..# ######.....
#g##.# ..........#
#..g))# .#
####......#
#...### # #......#
##.# ####..#....
#. ........... #
#..........
##.#........
..........#


You could see a goblin.

Vanquished Creatures
  Natasha (D:1)
  Robin (D:2)
  3 gnolls (D:2)
  An adder (D:2)
  A leopard gecko (D:1)
  A ball python (D:2)
  4 giant cockroaches
  9 goblins
  3 hobgoblins
  2 jackals (D:1)
  4 kobolds
  3 bats (D:1)
  3 frilled lizards (D:1)
  3 rats (D:1)
39 creatures vanquished.

Notes
Turn   | Place    | Note
-------+----------+-------------------------------------------
     0 | D:1      | jlumianski the Palentonga Fighter began the quest for the
                  | Orb.
     0 | D:1      | Reached XP level 1. HP: 20/20 MP: 1/1
   237 | D:1      | Reached XP level 2. HP: 22/27 MP: 2/2
  1020 | D:2      | Reached XP level 3. HP: 28/33 MP: 3/3
  1066 | D:2      | Noticed Natasha
  1366 | D:1      | Killed Natasha
  1489 | D:2      | Reached XP level 4. HP: 40/40 MP: 4/4
  1632 | D:2      | Noticed Robin
  1639 | D:2      | Killed Robin
  1647 | D:2      | Mangled by a goblin

Illustrated notes

Levels and vault maps discovered:
D:1:      dpeg_arrival_rooms_with_view, layout_basic
D:2:      layout_loops_ring, elyvilon_altar_4, uniq_robin, uniq_natasha

Skill      XL: |  1  2  3  4 |
---------------+-------------+-----
Armour         | 3 |  3.2
Axes           | 3 |  3.2
Fighting       | |  3.4
Dodging        | |  0.2
Shields        | |  2.9

Action                   |  1- 3 |  4- 6 || total
-------------------------+-------+-------++-------
Melee: War axe           |    62 |    28 ||    90
       Tailslap          |     7 |     3 ||    10
 Abil: Rolling Charge    |    16 |     2 ||    18
Armor: Scale mail        |    32 |    14 ||    46
Dodge: Dodged            |    18 |     4 ||    22
Block: Kite shield       |    18 |    10 ||    28
